cohdb
Replays
Latest Replays
All Replays
Popular Replays
Top Player Replays
Match Explorer
How It Works
Community
CoH3 Stats
Reddit
Sign in to upload your games and track your stats! →
Sign in with Steam
Match 41489871
Unlisted
Match 41489871
Overview
Messages
Build Orders
End
Pioneer Squad
Pioneer Squad
Pioneer Squad
Selects Terror Battlegroup
Selects Machine Gun Camouflage
Construct Infanterie Kompanie
MG 42 Machine Gun Team
MG 42 Machine Gun Team
Construct Luftwaffe Kompanie
Medical Bunker
Jäger Squad
221 Scout Car
Selects Interrogate
Flak 30 Anti-aircraft Gun Team
Jäger Squad
Luftwaffe Officer Quarters
Support Elements
Wirbelwind Flakpanzer
Selects Defend the Fatherland
Jäger Squad
Marder III M Tank Destroyer
Construct Panzergrenadier Kompanie
Flak 30 Anti-aircraft Gun Team
糕团团
Null
0
0
Comments
sign in to comment!
No comments posted yet!